 Dungeon Crawl Stone Soup version 0.22-b1-26-g9dbaab1 (webtiles) character file.

95 dracos369 the Magician (level 4, 25/33 HPs)
             Began as a Demonspawn Wizard on Aug 7, 2018.
             Quit the game on level 2 of the Dungeon.
             The game lasted 00:10:01 (2160 turns).

dracos369 the Magician (Demonspawn Wizard)          Turns: 2160, Time: 00:10:01

Health: 25/33      AC:  4    Str:  7    XL:     4   Next: 39%
Magic:  8/8        EV: 12    Int: 20    God:
Gold:   100        SH:  0    Dex: 12    Spells: 1/9 levels left

rFire    . . .     SeeInvis .   h - +0 dagger (drain)
rCold    . . .     Gourm    .   (no shield)
rNeg     . . .     Faith    .   a - +0 robe
rPois    .         Spirit   .   b - +0 hat
rElec    .         Reflect  .   (no cloak)
rCorr    .         Harm     .   (no gloves)
MR       .....                  (no boots)
Stlth    ++........             (no amulet)
HPRegen  0.11/turn              (no ring)
MPRegen  0.11/turn              (no ring)

@: drained
A: talons 1, molten scales 1
a: no special abilities


You were on level 2 of the Dungeon.
You were not hungry.

You visited 1 branch of the dungeon, and saw 2 of its levels.

You collected 100 gold pieces.

Inventory:

Hand Weapons
 e - a +0 club
 h - a +0 dagger of draining (weapon)
Armour
 a - a +0 robe (worn)
 b - a +0 hat (worn)
Jewellery
 o - an uncursed ring of flight {unknown}
Scrolls
 g - a scroll of fog {unknown}
 i - 4 scrolls of identify {unknown}
 l - 2 scrolls of blinking {unknown}
 n - a scroll of random uselessness {unknown}
Potions
 c - a potion of flight {unknown}
 j - a potion of heal wounds {unknown}
 k - a potion of agility {unknown}
 m - a potion of magic {unknown}
Comestibles
 d - 3 rations
 f - 7 chunks of flesh


   Skills:
 - Level 1.9(1.7) Fighting
 - Level 2.6(2.4) Dodging
 - Level 1.7(1.5) Stealth
 - Level 3.0(2.7) Spellcasting
 + Level 2.1(1.9) Conjurations
 + Level 2.1(1.9) Summonings
 - Level 0.8(0.6) Translocations


You had one spell level left.
You knew the following spells:

 Your Spells              Type           Power        Failure   Level  Hunger
a - Magic Dart            Conj           ##..         7%          1    None
b - Blink                 Tloc           N/A          17%         2    ##.....
c - Conjure Flame         Conj/Fire      #.......     30%         3    ###....
i - Call Imp              Summ           ##......     10%         2    ##.....

Your spell library contained the following spells:

 Spells                   Type           Power        Failure   Level  Hunger
 Slow                     Hex            #.......     22%         2    ##.....
 Mephitic Cloud           Conj/Pois/Air  #.......     32%         3    ###....


Dungeon Overview and Level Annotations

Branches:
Dungeon (2/15)

Altars:
Cheibriados


Innate Abilities, Weirdness & Mutations

You have sharp toenails.
You are partially covered in molten scales. (AC +2)


Message History

You barely miss the jackal. The jackal bites you.
You hit the jackal but do no damage. You drain the jackal!
The jackal is heavily wounded.
The jackal barely misses you. x2
You barely miss the jackal.
The jackal is heavily wounded.
The jackal closely misses you.
You barely miss the jackal.
The jackal is heavily wounded.
The jackal bites you. x2
You closely miss the jackal. Your kick misses the jackal.
The jackal is heavily wounded.
The jackal closely misses you.
You hit the jackal. Your kick misses the jackal.
The jackal is severely wounded.
The jackal barely misses you.
You hit the jackal.
You kill the jackal!
No target in view!
Are you sure you want to abandon this character and quit the game? (Confirm with "yes".)

..# .#. ####.#### .#..
#..)..>.## #... #......#
#..> #......# #... ####
#......# #... .....
#..#...# #...
......#..#...# ######...
.......@.>...###........
........................
......###.######........
...<.. #.# #####....
...... #.# #.... #####
#.# #.... .# #....
##.... # #.)...


There were no monsters in sight!

Vanquished Creatures
  4 adders (D:2)
  An ooze (D:1)
  A worm (D:2)
  2 dart slugs
  An orc (D:2)
  A ball python (D:1)
  2 giant cockroaches (D:1)
  4 goblins (D:1)
  5 hobgoblins
  4 jackals (D:2)
  A quokka (D:2)
  10 bats
  2 frilled lizards
  2 kobolds (D:1)
  6 rats
46 creatures vanquished.

Notes
Turn   | Place    | Note
-------+----------+-------------------------------------------
     0 | D:1      | dracos369 the Demonspawn Wizard began the quest for the Orb.
     0 | D:1      | Reached XP level 1. HP: 13/13 MP: 4/4
   218 | D:1      | Reached skill level 1 in Fighting
   240 | D:1      | Gained mutation: You are partially covered in molten scales. (AC +2) [demonic ancestry]
   240 | D:1      | Reached XP level 2. HP: 2/21 MP: 1/6
   979 | D:1      | Reached XP level 3. HP: 20/27 MP: 7/7
  1086 | D:1      | Learned a level 2 spell: Call Imp
  1090 | D:1      | Learned a level 3 spell: Conjure Flame
  1630 | D:2      | Found a snail-covered altar of Cheibriados.
  1663 | D:2      | Learned a level 2 spell: Blink
  1879 | D:2      | Gained mutation: You have sharp toenails. [demonic ancestry]
  1879 | D:2      | Reached XP level 4. HP: 33/33 MP: 5/8
  2160 | D:2      | Quit the game

Skill      XL: |  1  2  3  4 |
---------------+-------------+-----
Dodging        | 2 |  2.6
Fighting       | 1 |  1.9
Conjurations   | 2 |  2.1
Summonings     | 2 |  2.1
Stealth        | |  1.7
Spellcasting   | |  3.0
Translocations | |  0.8

Action                   |  1- 3 |  4- 6 || total
-------------------------+-------+-------++-------
Melee: Club              |    23 |       ||    23
       Unarmed           |     2 |       ||     2
       Dagger            |    91 |    64 ||   155
       Kick              |       |     6 ||     6
 Cast: Magic Dart        |    31 |       ||    31
 Stab: Sleeping          |     3 |       ||     3
  Eat: Chunk             |     3 |     1 ||     4
Armor: Robe              |    40 |    24 ||    64
Dodge: Dodged            |   103 |    54 ||   157
